 Dungeon Crawl Stone Soup version 0.31-a0-876-gfe8ebadbca (webtiles) character file.

Game seed: 2194104219399147344

720 Shayle the Changeling (level 8, -1/61 HPs)
             Began as a Human Shapeshifter on Oct 13, 2023.
             Slain by an ogre
             ... wielding a +0 giant spiked club
              (20 damage)
             ... on level 6 of the Dungeon.
             The game lasted 00:08:33 (4034 turns).

Shayle the Changeling (Human Shapeshifter)          Turns: 4034, Time: 00:08:34

Health: -1/61      AC:  2    Str: 15    XL:     8   Next: 2%
Magic:  0/8        EV: 12    Int: 12    God:
Gold:   155        SH:  0    Dex: 13    Spells: 7/7 levels left

rFire   . . .        b - +0 scythe (protect)
rCold   . . .        (shield currently unavailable)
rNeg    . . .        a - +0 animal skin
rPois   .            (helmet currently unavailable)
rElec   .            (cloak currently unavailable)
rCorr   .            (gloves currently unavailable)
SInv    .            (boots currently unavailable)
Will    .....        f - amulet of guardian spirit
Stlth   +            (no ring)
HPRegen 0.30/turn    (no ring)
MPRegen 0.11/turn

%: guardian spirit
@: beast-form
A: beast (slay +3)
a: Begin Untransformation


You were on level 6 of the Dungeon.
You were a hulking beast.
You visited 1 branch of the dungeon, and saw 6 of its levels.

You collected 155 gold pieces.

Inventory:

Hand Weapons
 b - a +0 scythe of protection (weapon)
 x - a +3 falchion
Armour
 a - a +0 animal skin (worn)
 j - a +0 pair of boots
Jewellery
 f - an amulet of guardian spirit (around neck)
 k - an amulet of faith
 w - a ring of flight
Talismans
 c - a beast talisman (active)
 d - a flux talisman
Scrolls
 e - 8 scrolls of identify {unknown}
 g - 2 scrolls of teleportation
 l - a scroll of amnesia {unknown}
 n - 2 scrolls of immolation {unknown}
 q - 2 scrolls of blinking {unknown}
 s - 2 scrolls of enchant armour {unknown}
 v - a scroll of revelation {unknown}
Potions
 i - 4 potions of heal wounds {unknown}
 m - a potion of degeneration {unknown}
 o - a potion of brilliance {unknown}
 p - a potion of ambrosia {unknown}
 r - a potion of enlightenment {unknown}
 t - a potion of might {unknown}
 u - a potion of haste {unknown}
 z - a potion of attraction {unknown}


   Skills:
 + Level 4.7 Fighting
 - Level 2.0 Dodging
 - Level 3.0 Unarmed Combat
 * Level 6.8 Shapeshifting


You had 7 spell levels left.
You didn't know any spells.
Your spell library contained the following spells:

 Spells                   Type           Power      Damage    Failure   Level
 Apportation              Tloc           0%         N/A       32%         1
 Necrotise                Necr           0%         1d4       32%         1
 Summon Small Mammal      Summ           0%         N/A       32%         1
 Poisonous Vapours        Pois/Air       0%         N/A       45%         2
 Mephitic Cloud           Conj/Pois/Air  0%         N/A       69%         3
 Freezing Cloud           Conj/Ice/Air   0%         6-21      100%        5


Dungeon Overview and Level Annotations

Branches:
Dungeon (6/15)
 Temple: D:4-7

Altars:
Ru
Yredelemnul


Message History

x - a +3 falchion HP restored.
You now have 155 gold pieces (gained 6).
z - a fizzy dark potion A hound comes into view.
The hound barks!
A hound is nearby!
You closely miss the hound. The hound bites you. The hound closely misses you.
The hound completely misses you.
You slash the hound!
Your weapon exudes an aura of protection.
The hound is severely wounded.
The hound bites you but does no damage. The hound barely misses you.
You hit the hound but do no damage.
The hound is severely wounded.
The hound bites you but does no damage. The hound closely misses you.
You slash the hound!
You kill the hound!
You have reached level 8!
You feel stronger.
An adder comes into view.
The adder hisses angrily.
An ogre comes into view. It is wielding a +0 giant spiked club.
You miss the adder. The adder closely misses you. x2
You miss the adder. The adder bites you. The adder closely misses you.
You barely miss the adder. The adder closely misses you.
The adder barely misses you.
You barely miss the ogre. The adder bites you.
You are poisoned.
The adder poisons you!
The ogre hits you with a +0 giant spiked club!!
The adder bites you.
You are more poisoned.
The adder poisons you!
You feel better. The adder completely misses you. The ogre barely misses you.
You barely miss the ogre. The adder closely misses you. x2
The ogre hits you with a +0 giant spiked club!!
You barely miss the ogre. The adder barely misses you. x2
The ogre hits you with a +0 giant spiked club!!
You die...

#..........#.....
#.........[####.. #
#...#<...#.# ## #.
#..###....#
###.#####.......########
#.......................
#................####...
#.....S.....#....#..
......Oh............#
..............#.##..#
.....####.........>...
.... #.........###. ...
#.........# ..
#.........# .
#..†......# #.........#
#.........#


You could see an ogre and an adder.

Vanquished Creatures
  Sigmund (D:2)
  A sky beast (D:6)
  An ogre (D:4)
  A wight (D:6)
  A howler monkey (D:5)
  3 hounds
  2 iguanas (D:5)
  A sleepcap (D:3)
  Jessica (D:2)
  3 adders
  A white imp (D:5)
  3 worms (D:4)
  A dart slug (D:2)
  4 orcs
  4 ball pythons (D:3)
  4 endoplasms
  4 giant cockroaches
  9 hobgoblins
  3 quokkas
  2 bats
  2 frilled lizards (D:3)
  4 goblins
  4 kobolds
  6 rats
66 creatures vanquished.

Notes
Turn   | Place    | Note
-------+----------+-------------------------------------------
     0 | D:1      | Shayle the Human Shapeshifter began the quest for the Orb.
     0 | D:1      | Reached XP level 1. HP: 15/15 MP: 1/1
   388 | D:1      | Reached XP level 2. HP: 21/21 MP: 2/2
   991 | D:2      | Reached XP level 3. HP: 26/26 MP: 3/3
  1070 | D:2      | Noticed Jessica
  1082 | D:2      | Killed Jessica
  1083 | D:2      | Reached XP level 4. HP: 7/33 MP: 4/4
  1277 | D:2      | Noticed Sigmund
  1294 | D:2      | Killed Sigmund
  1295 | D:2      | Reached skill level 5 in Shapeshifting
  1295 | D:2      | Reached XP level 5. HP: 23/41 MP: 2/5
  1295 | D:2      | Reached XP level 6. HP: 27/47 MP: 2/6
  1801 | D:3      | Found a faded altar of an unknown god.
  2716 | D:4      | Found a basalt altar of Yredelemnul.
  2755 | D:4      | Noticed an ogre
  2759 | D:4      | Killed an ogre
  2947 | D:4      | Reached XP level 7. HP: 49/53 MP: 7/7
  3393 | D:5      | Entered Level 5 of the Dungeon
  3444 | D:5      | Reached skill level 6 in Shapeshifting
  3827 | D:5      | Found a sacrificial altar of Ru.
  4018 | D:6      | Reached XP level 8. HP: 59/61 MP: 8/8
  4034 | D:6      | Slain by an ogre

Illustrated notes

Levels and vault maps discovered:
D:1:      lightli_arrival_statue_moat, layout_basic
D:2:      layout_loops_ring, uniq_sigmund, uniq_jessica
D:3:      layout_basic, shapermc_ecumenical_altar_mp_urbaneastern,
          minmay_pentomino_pile
D:4:      layout_gridville, mainiacjoe_overflow_cross_hatched,
          minmay_misc_feat_five
D:5:      kennysheep_six_static_rooms, layout_basic, hangedman_ru_absence
D:6:      layout_basic, mainiacjoe_overflow_surrounded_room,
          kennysheep_little_box, minmay_temple_entry_stoned_glass

Skill      XL: |  1  2  3  4  5  6  7 |
---------------+----------------------+-----
Fighting       | 2 3 4 |  4.7
Shapeshifting  | 5 6 |  6.8
Dodging        | |  2.0
Unarmed Combat | |  3.0

Action                     |  1- 3 |  4- 6 |  7- 9 || total
---------------------------+-------+-------+-------++-------
  Melee: Unarmed           |    52 |     9 |       ||    61
         Punch             |     1 |       |       ||     1
         Halberd           |       |    94 |    77 ||   171
    Use: Potion            |     1 |     1 |     2 ||     4
         Scroll            |       |       |     2 ||     2
   Stab: Sleeping          |     1 |     1 |       ||     2
 Armour: Animal skin       |    25 |    57 |    68 ||   150
         Skin              |       |     3 |       ||     3
  Dodge: Dodged            |    30 |    71 |    80 ||   181

Table legend: (Time is in decaauts)
 A = Elapsed time spent in this place.
 B = Non-inter-level travel time spent in this place.
 C = Inter-level travel time spent in this place.
 D = Time resting spent in this place.
 E = Time spent auto-exploring this place.
 F = Levels seen in this place.
 G = Mean time per level.
                   A        B        C        D        E       F      G
               +--------+--------+--------+--------+--------+-----+--------+
         Total |   4114 |   3951 |    163 |    351 |   2824 |   6 |  685.7 |
       Dungeon |   4114 |   3951 |    163 |    351 |   2824 |   6 |  685.7 |
               +--------+--------+--------+--------+--------+-----+--------+

Top non-repeatable levels by time:
     D:3: 918 daAuts
     D:2: 917 daAuts
     D:4: 849 daAuts
     D:1: 756 daAuts
     D:5: 501 daAuts
     D:6: 169 daAuts
